 Dungeon Crawl Stone Soup version 0.28.0 (webtiles) character file.

Game seed: 5041924221766807649

875 xSliceyx the Magician (level 8, -5/50 HPs)
             Began as a Djinni Hedge Wizard on Feb 4, 2022.
             Was a Follower of Makhleb.
             Engulfed by a cloud of flame (6 damage)
             ... on level 5 of the Dungeon.
             The game lasted 00:14:38 (6069 turns).

xSliceyx the Magician (Djinni Hedge Wizard)         Turns: 6069, Time: 00:14:39

Health: -5/50      AC:  8    Str:  9    XL:     8   Next: 24%
Gold:   73         EV: 12    Int: 18    God:    Makhleb [*.....] SH:  0 Dex: 13

rFire   + + .      SeeInvis .   a - +0 dagger
rCold   x . .      Faith    .   (no shield)
rNeg    . . .      Spirit   .   r - +1 robe {Archmagi}
rPois   ∞          Reflect  .   c - +0 hat
rElec   .          Harm     .   (no cloak)
rCorr   .          Rampage  .   q - +0 pair of gloves
Will    .....      Archmagi +   (boots unavailable)
Stlth   ++........              (no amulet)
HPRegen 0.16/turn               g - +4 ring of protection
MPRegen 0.00/turn               (no ring)

@: flying
A: sickness immunity, fire resistance 2, cold vulnerability 1, float, innate
caster, HP casting, extra vitality 1
a: Renounce Religion


You were on level 5 of the Dungeon.
You worshipped Makhleb.
Makhleb was aware of your devotion.
You visited 1 branch of the dungeon, and saw 5 of its levels.

You collected 184 gold pieces.
You spent 111 gold pieces at shops.

Inventory:

Hand Weapons
 a - a +0 dagger (weapon)
Missiles
 i - a throwing net
Armour
 c - a +0 hat (worn)
 q - a +0 pair of gloves (worn)
 r - a +1 robe of the Archmagi (worn)
Jewellery
 g - a +4 ring of protection (left hand)
Scrolls
 h - 8 scrolls of identify {unknown}
 j - 3 scrolls of teleportation {unknown}
 k - a scroll of brand weapon {unknown}
 m - a scroll of amnesia {unknown}
 n - a scroll of silence {unknown}
Potions
 d - a potion of berserk rage {unknown}
 e - a potion of resistance {unknown}
 f - 2 potions of curing {unknown}
 l - a potion of degeneration {unknown}
 o - a potion of flight {unknown}
 p - a potion of might {unknown}


   Skills:
 - Level 2.1 Dodging
 - Level 1.5 Stealth
 + Level 7.2 Spellcasting


You had 3 spell levels left.
You knew the following spells:

 Your Spells              Type           Power      Damage    Failure   Level
a - Magic Dart            Conj           100%       1d8       1%          1
b - Blink                 Tloc           96%        N/A       1%          2
c - Call Imp              Summ           48%        N/A       1%          2
d - Slow                  Hex            100%       N/A       1%          1
e - Conjure Flame         Conj/Fire      48%        6-21      1%          3
f - Mephitic Cloud        Conj/Pois/Air  48%        N/A       1%          3
g - Pain                  Necr           100%       1d9       1%          1
h - Passwall              Tmut/Erth      40%        N/A       1%          2
i - Inner Flame           Hex/Fire       48%        N/A       1%          3
Your spell library was empty.

Dungeon Overview and Level Annotations

Branches:
Dungeon (5/15)             Temple (0/1) D:5

Altars:
Makhleb
Uskayaw

Shops:
D:4 :   D:5 [

Annotations:
D:3 Grinder


Innate Abilities, Weirdness & Mutations

You are immune to sickness and miasma.
You are immune to poison.
Your flesh is very heat resistant. (rF++)
You are vulnerable to cold. (rC-)
You float through the air rather than walking.
You learn spells naturally, not from books.
Your magical power is your life essence.
You have superior vitality. (+4 MHP)


Message History

Aim: a gnoll, wielding a +0 club (flame, almost dead, inner flame, 100% to hit)
You feel a surge of power!
The magic dart hits the gnoll.
Makhleb accepts your kill.
The gnoll explodes!
Unknown command.
Unknown command.
You start resting.
An iguana comes into view.
Casting: Magic Dart (safe; 1% risk of failure)
Confirm with . or Enter, or press ? or * to list all spells.
Aiming: Inner Flame (safe; 1% risk of failure)
Press: ? - help, Dir - move target, f - iguana
Aim: an iguana (chance to affect: 95%)
You feel a surge of power!
The iguana is filled with an inner flame.
* * * LOW HITPOINT WARNING * * *
Casting: Inner Flame (safe; 1% risk of failure)
Confirm with . or Enter, or press ? or * to list all spells.
Aiming: Magic Dart (safe; 1% risk of failure)
Press: ? - help, Shift-Dir - straight line, f/p - iguana
Aim: an iguana (inner flame, 100% to hit)
You feel a surge of power!
The magic dart hits the iguana.
Flame seeps out of the iguana.
The iguana is moderately wounded.
* * * LOW HITPOINT WARNING * * *
The iguana is engulfed in blazing flames.
Flame seeps out of the iguana.
Casting: Magic Dart (safe; 1% risk of failure)
Confirm with . or Enter, or press ? or * to list all spells.
Aiming: Magic Dart (safe; 1% risk of failure)
Press: ? - help, Shift-Dir - straight line, f/p - iguana
Aim: an iguana (almost dead, inner flame, 100% to hit)
You feel a surge of power!
The magic dart hits the iguana.
Makhleb accepts your kill.
* * * LOW HITPOINT WARNING * * *
The iguana explodes!
The fiery explosion engulfs you! You resist.
* * * LOW HITPOINT WARNING * * *
You are engulfed in blazing flames.
You resist.
You die...

##.....#......####...∩....#
##...O#.....## #....[...#
..###..#†#.#...#####........#
........###.................#
#
#....#.§○#...#...###........#
###....#.)§..#....###).......#
##.
..#####.☼°#####..##........#
.. #. #...§§#....###))<.....#
# . #...#○§@#..## #))#######
#... .....###§§....###.## ....
....# #.#..#......# ..# ####.
#...........## ### #.
#.....##.#...# #
.....###.#.#.# # ..#### #
#...# #. ###.### # #...#


There were no monsters in sight!

Vanquished Creatures
  An ice beast (D:5)
  An orc warrior (D:4)
  An ogre (D:5)
  A water moccasin zombie (D:3)
  2 scorpions
  A water moccasin skeleton (D:4)
  A gnoll shaman (D:5)
  A hound (D:4)
  A jelly (D:4)
  2 orc priests (D:4)
  2 iguanas
  A howler monkey zombie (D:5)
  10 gnolls
  4 adders
  3 worms
  A dart slug (D:4)
  3 orcs
  6 endoplasms
  2 giant cockroaches (D:3)
  3 goblins
  7 hobgoblins
  12 kobolds
  A quokka (D:2)
  5 ball pythons
  5 bats
  3 frilled lizards
  A jackal skeleton (D:4)
  A rat (D:2)
82 creatures vanquished.

Notes
Turn   | Place    | Note
-------+----------+-------------------------------------------
     0 | D:1      | xSliceyx the Djinni Hedge Wizard began the quest for the
                  | Orb.
     0 | D:1      | Reached XP level 1. HP: 15/15 MP: 0/0
   354 | D:1      | Found a faded altar of an unknown god.
   545 | D:1      | Reached XP level 2. HP: 19/21 MP: 0/0
   815 | D:2      | Reached skill level 3 in Spellcasting
  1351 | D:2      | Reached XP level 3. HP: 19/25 MP: 0/0
  1351 | D:2      | Learned a level 1 spell: Pain
  2347 | D:3      | Reached XP level 4. HP: 29/31 MP: 0/0
  2437 | D:3      | Reached skill level 4 in Spellcasting
  2437 | D:3      | Reached XP level 5. HP: 9/35 MP: 0/0
  2437 | D:3      | Learned a level 2 spell: Passwall
  2674 | D:3      | Found a burning altar of Makhleb.
  2681 | D:3      | Became a worshipper of Makhleb the Destroyer
  2703 | D:3      | Noticed Grinder
  3695 | D:3      | Paralysed by Grinder for 6 turns
  3768 | D:4      | Found Rattocio's Book Emporium.
  3843 | D:4      | Reached XP level 6. HP: 29/40 MP: 0/0
  3976 | D:4      | Found a hide-covered altar of Uskayaw.
  3986 | D:4      | Noticed an orc warrior
  4019 | D:4      | Killed an orc warrior
  4020 | D:4      | Reached skill level 5 in Spellcasting
  4539 | D:4      | Reached XP level 7. HP: 33/45 MP: 0/0
  4539 | D:4      | Learned a level 3 spell: Inner Flame
  5003 | D:4      | Reached * piety under Makhleb
  5030 | D:4      | Reached skill level 6 in Spellcasting
  5555 | D:5      | Entered Level 5 of the Dungeon
  5817 | D:5      | Reached XP level 8. HP: 27/50 MP: 0/0
  5995 | D:5      | Found Numies's Antique Armour Emporium.
  6004 | D:5      | Bought a glowing robe for 111 gold pieces
  6025 | D:5      | Found a staircase to the Ecumenical Temple.
  6042 | D:5      | Reached skill level 7 in Spellcasting
  6069 | D:5      | HP: 1/50 [spore (11)]
  6069 | D:5      | Engulfed by a cloud of flame

Illustrated notes

Levels and vault maps discovered:
D:1:      onia_arrival_mini_spirals, layout_basic, ebering_ecumenical_altar_webs
D:2:      layout_rooms
D:3:      layout_basic, lemuel_doored_altar, uniq_grinder
D:4:      layout_loops_ring, lemuel_tele_altar, nicolae_inconvenience_store
D:5:      layout_rooms, minmay_temple_entry_arrows, serial_shops, shop

Skill      XL: |  1  2  3  4  5  6  7  8 |
---------------+-------------------------+-----
Spellcasting   | 3 4 5 6 7 |  7.2
Dodging        | |  2.1
Stealth        | |  1.5

Action                   |  1- 3 |  4- 6 |  7- 9 || total
-------------------------+-------+-------+-------++-------
 Cast: Magic Dart        |    82 |    70 |    46 ||   198
       Pain              |    11 |    40 |     9 ||    60
       Passwall          |       |     3 |       ||     3
       Conjure Flame     |       |     1 |       ||     1
       Mephitic Cloud    |       |     2 |       ||     2
       Inner Flame       |       |       |    10 ||    10
Armor: Robe              |     6 |     9 |     3 ||    18
Dodge: Dodged            |     5 |     6 |     6 ||    17
